 Dungeon Crawl Stone Soup version 0.21-a0-26-g7b23a2f (webtiles) character file.

2515 grindst0ne the Fighter (level 9, -1/87 HPs)
             Began as an Ogre Berserker on May 25, 2017.
             Was a Priest of Trog.
             Slain by a wight
             ... wielding a cursed +3 long sword
              (3 damage)
             ... on level 7 of the Dungeon.
             The game lasted 00:20:26 (8185 turns).

grindst0ne the Fighter (Ogre Berserker)             Turns: 8185, Time: 00:20:27

Health: -1/87      AC:  4    Str: 24      XL:     9   Next: 54%
Magic:  9/9        EV: 12    Int:  8      God:    Trog [***...]
Gold:   35         SH:  0    Dex:  8 (10) Spells: 8/8 levels left

rFire    . . .     SeeInvis +   w - +0 giant club
rCold    + + .     Gourm    .   (shield currently unavailable)
rNeg     . . .     Faith    .   n - +1 robe {rC+}
rPois    +         Spirit   .   (helmet restricted)
rElec    .         Reflect  .   (no cloak)
rCorr    .         Harm     .   (gloves unavailable)
MR       .....                  (boots unavailable)
Stlth    +.........             (no amulet)
Regen    0.3/turn               g - ring of poison resistance
MPRegen  0.2/turn               k - ring of protection from cold

@: berserk cooldown, hasted and slowed, heavily drained
A: unfitting armour, claws 1, see invisible, agile 1, deterioration 1, frail 1,
tough skin 1, weak 1, evolution 1
a: Berserk, Trog's Hand, Burn Spellbooks, Renounce Religion


You were on level 7 of the Dungeon.
You worshipped Trog.
Trog was most pleased with you.
You were near starving.

You visited 1 branch of the dungeon, and saw 7 of its levels.
You also visited: Sewer.

You collected 185 gold pieces.
You spent 150 gold pieces at shops.

Inventory:

Hand Weapons
 a - a +0 mace
 t - a -2 whip
 u - a +1 giant spiked club
 w - a +0 giant club (weapon)
Armour
 b - a +0 animal skin
 n - a +1 robe of cold resistance (worn)
 p - a +0 robe
 v - a +0 shield
Jewellery
 g - a ring of poison resistance (left claw)
 k - a ring of protection from cold (right claw)
 x - an uncursed ring of resist corrosion {unknown}
Wands
 y - a wand of lightning (3/15)
Scrolls
 d - 2 scrolls of amnesia
 f - 3 scrolls of fog
 i - 7 scrolls of identify
 j - 2 scrolls of immolation
 o - a scroll of remove curse
 A - a scroll of recharging {unknown}
 C - 2 scrolls of enchant armour
 D - a scroll of teleportation
Potions
 e - 2 potions of curing
 h - 2 potions of brilliance
 s - a potion of flight
 B - a potion of agility {unknown}
Books
 l - a book of Minor Magic

   Spells                             Type                      Level
   a - Magic Dart                     Conjuration                  1
   b - Blink                          Translocation                2
   c - Call Imp                       Summoning                    2
   d - Slow                           Hexes                        2
   e - Conjure Flame                  Conjuration/Fire             3
   f - Mephitic Cloud                 Conjuration/Poison/Air       3
   Trog disapproves of the use of such an item.
Comestibles
 c - 5 bread rations
 m - 5 meat rations
 r - a royal jelly


   Skills:
 + Level 8.8(7.3) Fighting
 * Level 6.5(5.1) Maces & Flails
 * Level 8.8(7.3) Dodging


You had 8 spell levels left.
You didn't know any spells.

Dungeon Overview and Level Annotations

Branches:
Dungeon (7/15)             Temple (0/1) D:7

Altars:

Shops:
D:7 ?(

Annotations:
D:6 exclusion: downstairs


Innate Abilities, Weirdness & Mutations

You are too large for most types of armour.
You have tough skin. (AC +1)
You have sharp fingernails.
You have supernaturally acute eyesight. (SInv)
You are agile. (Dex +2)
Your body sometimes deteriorates upon taking damage.
You are frail. (-10% HP)
You are weak. (Str -2)
You evolve.


Message History

The wyvern zombie bites you!
Your body deteriorates!
You feel clumsy.
You barely miss the wight. The wight completely misses you.
The wight hits you with an enchanted long sword!
Your body deteriorates!
You feel clumsy.
You feel drained.
You closely miss the wight.
The wight hits you with an enchanted long sword!
* * * LOW HITPOINT WARNING * * *
You feel drained.
* * * LOW HITPOINT WARNING * * *
You feel yourself speed up.
The wight hits you with an enchanted long sword!
* * * LOW HITPOINT WARNING * * *
You feel drained.
* * * LOW HITPOINT WARNING * * *
The wight hits you with an enchanted long sword!
* * * LOW HITPOINT WARNING * * *
You feel drained.
You die...

##...####
#.### #.# #.#
#.# #.# #.#
### #)# ##..#
#@# #.... #z#
...... #Z#
......###o#
.......#..##
...........#
.....%.)....#
........##...#
.......##
#...#


You could see a wight, an orc wizard (invisible) and a wyvern zombie.

Vanquished Creatures
  Joseph (D:7)
  Duvessa (D:7)
  2 sky beasts
  An orc warrior (D:7)
  A phantom (D:7)
  2 ice beasts (D:5)
  3 ogres
  A big kobold (Sewer)
  5 bullfrogs
  Dowan (D:7)
  3 scorpions
  A wight (D:7)
  2 crimson imps
  2 orc priests
  4 hounds
  A jelly (D:6)
  A gnoll shaman (D:5)
  An iguana (D:5)
  2 orc wizards
  A worker ant (D:7)
  A hound skeleton (D:7)
  4 adders
  7 gnolls
  4 river rats
  An ooze (D:3)
  An adder zombie (D:7)
  4 worms
  2 dart slugs
  4 leopard geckos
  11 orcs
  7 bats
  4 giant cockroaches
  5 goblins
  10 hobgoblins
  2 jackals (Sewer)
  2 quokkas
  2 ball pythons
  7 frilled lizards
  A jackal zombie (D:5)
  10 kobolds
  A leopard gecko skeleton (D:4)
  11 rats
137 creatures vanquished.

Notes
Turn   | Place    | Note
-------+----------+-------------------------------------------
     0 | D:1      | grindst0ne the Ogre Berserker began the quest for the Orb.
     0 | D:1      | Reached XP level 1. HP: 24/24 MP: 1/1
   111 | D:1      | Reached XP level 2. HP: 4/33 MP: 2/2
   402 | D:1      | Reached XP level 3. HP: 40/40 MP: 3/3
  1174 | D:2      | Reached ** piety under Trog
  1414 | D:2      | Reached XP level 4. HP: 42/49 MP: 4/4
  2352 | D:3      | Reached skill level 5 in Fighting
  2352 | D:3      | Reached XP level 5. HP: 21/57 MP: 5/5
  3450 | D:4      | Reached XP level 6. HP: 27/66 MP: 6/6
  3661 | D:4      | Reached skill level 5 in Dodging
  3682 | D:4      | Noticed a two-headed ogre
  3710 | D:5      | Entered Level 5 of the Dungeon
  3835 | D:5      | Found a glowing drain.
  3882 | Sewer    | Entered a sewer
  3887 | Sewer    | Reached *** piety under Trog
  3905 | Sewer    | HP: 2/67 [river rat (6)]
  4269 | Sewer    | Reached XP level 7. HP: 54/75 MP: 7/7
  4381 | Sewer    | Found a white marble altar of Elyvilon.
  5111 | D:5      | Reached XP level 8. HP: 45/84 MP: 8/8
  5117 | D:5      | Gained mutation: Your spells are a little harder to cast, but a little more powerful. [mutagenic meat]
  5118 | D:5      | Gained mutation: You have sharp fingernails. [mutagenic meat]
  5120 | D:5      | Gained mutation: Your body sometimes deteriorates upon taking damage. [mutagenic meat]
  5121 | D:5      | Gained mutation: Your muscles are strong. (Str +2) [mutagenic meat]
  5122 | D:5      | Gained mutation: Your body often deteriorates upon taking damage. [mutagenic meat]
  5601 | D:6      | Reached skill level 5 in Maces & Flails
  5880 | D:6      | Lost mutation: Your body often deteriorates upon taking damage. [potion of mutation]
  5880 | D:6      | Lost mutation: Your muscles are strong. (Str +2) [potion of mutation]
  5880 | D:6      | Lost mutation: Your spells are a little harder to cast, but a little more powerful. [potion of mutation]
  5880 | D:6      | Gained mutation: You are frail. (-10% HP) [potion of mutation]
  5880 | D:6      | Gained mutation: You are weak. (Str -2) [potion of mutation]
  5880 | D:6      | Gained mutation: You evolve. [potion of mutation]
  5880 | D:6      | Gained mutation: You are agile. (Dex +2) [potion of mutation]
  6087 | D:7      | Noticed Duvessa
  6087 | D:7      | Noticed Dowan
  6266 | D:7      | Killed Duvessa
  6859 | D:7      | Killed Dowan
  6988 | D:7      | Found Qeask's Magic Scroll Shoppe.
  7004 | D:7      | Bought a scroll of enchant armour for 75 gold pieces
  7004 | D:7      | Bought a scroll of enchant armour for 75 gold pieces
  7049 | D:7      | Reached XP level 9. HP: 77/86 MP: 9/9
  7409 | D:7      | Found Womuygec's Antique Weapon Emporium.
  7411 | D:7      | Found a staircase to the Ecumenical Temple.
  7668 | D:7      | Gained mutation: You have supernaturally acute eyesight. (SInv) [evolution]
  7967 | D:7      | Noticed Joseph
  7981 | D:7      | Killed Joseph
  8185 | D:7      | HP: 2/87 [wight/enchanted long sword (9)]
  8185 | D:7      | Slain by a wight

Vault maps used:
D:1:      lightli_arrival_lavapool, minivault_27
D:3:      serial_forest, infiniplex_forest_lined_1,
          infiniplex_forest_clump_cross, infiniplex_forest_straight_5,
          infiniplex_forest_straight_4, infiniplex_forest_end_2,
          infiniplex_forest_clump_double, infiniplex_forest_straight_4,
          infiniplex_forest_lined_4_way
D:4:      first_bread
D:5:      portal_sewer_entry_a, item_on_display_a
D:7:      minmay_temple_entry_statues, serial_shops, shop_fountains,
          nicolae_shop_competitors_out_of_business, uniq_duvessa, uniq_joseph
Sewer:    sewer_kobolds

Skill      XL: |  1  2  3  4  5  6  7  8  9 |
---------------+----------------------------+-----
Dodging        | 3 4 5 6 8 |  8.8
Maces & Flails | 3 4 5 6 |  6.5
Fighting       | 5 6 8 |  8.8

Action                   |  1- 3 |  4- 6 |  7- 9 || total
-------------------------+-------+-------+-------++-------
Melee: Mace              |    85 |   208 |   223 ||   516
       Giant club        |       |       |    38 ||    38
Invok: Berserk           |     1 |     5 |    11 ||    17
       Trog's Hand       |       |     2 |     3 ||     5
  Use: Scroll            |     6 |     4 |     5 ||    15
       Potion            |     1 |     1 |     5 ||     7
  Eat: Chunk             |     2 |    15 |    18 ||    35
       Meat ration       |       |       |     1 ||     1
       Bread ration      |       |       |     1 ||     1
Armor: Animal skin       |    26 |       |       ||    26
       Robe              |     6 |    37 |    39 ||    82
Dodge: Dodged            |    63 |   136 |   158 ||   357
